AoeStats
← Northstar2

Black Forest

510439691Analyzed
3v3 RM · 18h ago on Oct 1, 2026· 76m 38s· 6 players
Game mode
Random Map
Map size
Normal (6 player)
Population
200
Speed
Normal
Resources
Standard
Victory
Conquest
Starting age
Dark Age
Ending age
Imperial Age
RankedLock teamsTeams togetherTeam positionsShared explorationLock speedFull tech treeHidden civsTurbo modeCheats
Victory
Defeat
🇺🇸 Franks · United States
654
+14
🇺🇸 Romans · United States
648
+15
🇺🇸 Britons · United States
635
+15
🇺🇸 Franks · United States
640
-15
🇵🇹 Cumans · Portugal
614
-15
🇧🇷 Hindustanis · Brazil
602
-14
Capivara1307
7:24 Loom
12:30 Feudal Age
13:53 Wheelbarrow
14:48 Town Watch
15:45 Double-Bit Axe
19:21 Gold Mining
19:22 Stone Mining
25:52 Castle Age
24:14 Forging
24:05 Scale Mail Armor
24:07 Padded Archer Armor
24:16 Horse Collar
26:55 Hand Cart
26:44 Town Patrol
29:08 Fervor
30:46 Man-at-Arms
31:26 Squires
31:12 Arson
32:06 Iron Casting
31:23 Fletching
33:39 Caravan
36:46 Steppe Husbandry
39:43 Imperial Age
37:55 Chain Mail Armor
37:46 Scale Barding Armor
37:56 Leather Archer Armor
38:03 Bloodlines
37:58 Long Swordsman
38:05 Capped Ram
40:14 Bow Saw
40:45 Cuman Mercenaries
41:07 Conscription
40:21 Sappers
42:01 Gold Shaft Mining
42:27 Cavalier
42:28 Elite Steppe Lancer
43:39 Parthian Tactics
44:23 Elite Kipchak
45:29 Thumb Ring
45:58 Heavy Plow
48:23 Hoardings
47:19 Heavy Cavalry Archer
48:39 Paladin
52:34 Two-Handed Swordsman
56:40 Blast Furnace
63:09 Murder Holes
63:05 Heated Shot
64:24 Ballistics
64:40 Champion
67:52 Plate Mail Armor
67:54 Ring Archer Armor
67:45 Chain Barding Armor
67:21 Bodkin Arrow
69:59 Chemistry
Iscaa
10:59 Loom
14:09 Feudal Age
15:27 Wheelbarrow
14:41 Double-Bit Axe
16:08 Horse Collar
22:05 Castle Age
21:45 Fletching
23:05 Hand Cart
23:10 Bow Saw
23:16 Gold Mining
25:43 Sanctity
25:50 Heavy Plow
26:07 Hand Cart
28:15 Gold Shaft Mining
33:37 Grand Trunk Road
34:04 Forging
33:55 Scale Mail Armor
33:31 Elite Skirmisher
34:17 Squires
37:36 Imperial Age
35:40 Husbandry
36:26 Masonry
36:27 Fortified Wall
37:56 Scale Barding Armor
38:19 Chain Mail Armor
38:39 Iron Casting
38:06 Town Watch
38:12 Arson
39:25 Heavy Camel Rider
42:36 Siege Engineers
42:52 Ballistics
43:33 Chemistry
43:59 Pikeman
44:46 Thumb Ring
46:03 Two-Man Saw
45:37 Imperial Camel Rider
48:28 Elite Ghulam
53:28 Chain Barding Armor
54:13 Blast Furnace
54:52 Bloodlines
55:24 Plate Barding Armor
56:09 Shatagni
72:13 Light Cavalry
73:58 Padded Archer Armor
75:07 Hussar
Northstar2
2:01 Loom
12:55 Feudal Age
13:51 Double-Bit Axe
15:41 Wheelbarrow
20:27 Gold Mining
20:40 Stone Mining
24:29 Castle Age
25:39 Hand Cart
25:41 Bow Saw
31:04 Imperial Age
29:51 Light Cavalry
30:32 Husbandry
32:12 Scale Barding Armor
33:52 Chivalry
34:15 Conscription
35:14 Fortified Wall
35:01 Murder Holes
35:24 Masonry
35:14 Pikeman
35:56 Squires
35:42 Arson
43:23 Hoardings
44:35 Cavalier
47:58 Paladin
KernelCornbread
0:41 Loom
11:50 Feudal Age
14:07 Wheelbarrow
15:19 Man-at-Arms
17:30 Double-Bit Axe
17:27 Horse Collar
21:18 Town Watch
25:24 Castle Age
25:53 Long Swordsman
26:34 Squires
27:36 Heavy Plow
27:49 Bow Saw
32:59 Imperial Age
31:16 Town Patrol
32:20 Hand Cart
35:58 Heavy Scorpion
37:47 Legionary
38:36 Ballistas
39:00 Comitatenses
40:06 Gold Mining
40:07 Stone Mining
42:17 Murder Holes
58:39 Caravan
Angelshark9
1:12 Loom
12:32 Feudal Age
14:52 Wheelbarrow
14:09 Double-Bit Axe
14:07 Horse Collar
15:32 Gold Mining
20:25 Castle Age
22:13 Bow Saw
22:08 Heavy Plow
23:32 Hand Cart
25:45 Stone Mining
31:25 Imperial Age
29:48 Crossbowman
30:52 Ballistics
30:35 Padded Archer Armor
30:26 Fletching
31:32 Gold Shaft Mining
33:29 Two-Man Saw
32:29 Town Watch
34:11 Chemistry
34:52 Arbalester
40:11 Town Patrol
40:37 Leather Archer Armor
40:17 Bodkin Arrow
43:02 Ring Archer Armor
42:33 Bracer
42:28 Elite Longbowman
GodSword
13:57 Feudal Age
19:15 Wheelbarrow
20:03 Double-Bit Axe
24:02 Castle Age
25:33 Hand Cart
26:40 Bow Saw
27:21 Stone Mining
27:22 Gold Mining
27:51 Caravan
28:55 Scale Barding Armor
29:01 Forging
36:41 Imperial Age
36:53 Chain Barding Armor
37:09 Iron Casting
37:39 Loom
39:36 Ballistics
40:16 Chemistry
39:08 Treadmill Crane
39:41 Fortified Wall
39:29 Murder Holes
39:27 Guard Tower
39:38 Cavalier
40:19 Husbandry
42:10 Chivalry
44:38 Paladin
46:37 Masonry
47:16 Gold Shaft Mining
48:18 Blast Furnace
51:50 Architecture
Connection lost

Rejoining the realm…

Still unreachable

The connection could not be restored.

Session expired

The server has moved on; the page needs a fresh start.